TOP OF THE 1ST |
Denver Bears batting - Pitching for Oklahoma City 89ers : RHP Mike Mendoza
|
Pitching: RHP Mike Mendoza
|
|
Batting: LHB Dallas Williams
|
0-0: Fly out, F4 (Popup, 4D, EV 70.6 MPH)
|
Batting: RHB Adolfo Feliz
|
0-0: Ball 1-0: Ball 2-0: Called Strike 2-1: Foul Ball, location: 2F 2-2: Foul Ball, location: 2F 2-2: Ball 3-2: SINGLE (Flyball, 3D, EV 90.6 MPH)
|
Batting: LHB Danny Heep
|
0-0: Ball Adolfo Feliz is caught stealing 2nd base 2-6 1-0: Ball 2-0: Ball 3-0: Base on Balls
|
Batting: RHB George A Bell
|
0-0: Fly out, F3 (Popup, 3F, EV 79.4 MPH)
|
Top of the 1st over - 0 runs, 1 hit, 0 errors, 1 left on base; Denver 0 - Oklahoma City 0 |
BOTTOM OF THE 1ST |
Oklahoma City 89ers batting - Pitching for Denver Bears : RHP Alex Vasquez
|
Pitching: RHP Alex Vasquez
|
|
Batting: RHB David Green
|
0-0: Ball 1-0: Reached on error, E6 (Groundball, 6, EV 88.1 MPH)
|
Batting: RHB John Christensen
|
0-0: Ball 1-0: Called Strike 1-1: Called Strike 1-2: Ball 2-2: Ball 3-2: Ground out 4-3 (Groundball, 4, EV 108.8 MPH) David Green to third
|
Batting: RHB Cecil Fielder
|
0-0: Ball 1-0: Ground out 5-3 (Groundball, 56, EV 103.1 MPH) David Green scores
|
Batting: RHB Glenn Braggs
|
0-0: Called Strike 0-1: Hit by Pitch
|
Batting: RHB Nick Esasky
|
0-0: Called Strike 0-1: Foul Ball, location: 2F 0-2: Ball 1-2: Ball 2-2: Fly out, F1 (Line Drive, P, EV 68.1 MPH)
|
Bottom of the 1st over - 1 run, 0 hits, 1 error, 1 left on base; Denver 0 - Oklahoma City 1 |
TOP OF THE 2ND |
Denver Bears batting - Pitching for Oklahoma City 89ers : RHP Mike Mendoza
|
Batting: LHB Tom Beyers
|
0-0: Foul Ball, location: 2F 0-1: Ball 1-1: Called Strike 1-2: Foul Ball, location: 2F 1-2: Ball 2-2: Ball 3-2: Foul Ball, location: 2F 3-2: Strikes out swinging
|
Batting: RHB Juan Alvarez
|
0-0: Called Strike 0-1: Swinging Strike 0-2: Fly out, F3 (Flyball, 3D, EV 88.8 MPH)
|
Batting: LHB Larry Donofrio
|
0-0: Bunted foul 0-1: Ball 1-1: Called Strike 1-2: Ball 2-2: Strikes out swinging
|
Top of the 2nd over - 0 runs, 0 hits, 0 errors, 0 left on base; Denver 0 - Oklahoma City 1 |
BOTTOM OF THE 2ND |
Oklahoma City 89ers batting - Pitching for Denver Bears : RHP Alex Vasquez
|
Batting: LHB John Harris
|
0-0: Ball 1-0: Ball 2-0: Foul Ball, location: 2F 2-1: Foul Ball, location: 2F 2-2: Ball 3-2: Foul Ball, location: 2F 3-2: Fly out, F7 (Line Drive, 7, EV 85.6 MPH)
|
Batting: RHB Joe Redfield
|
0-0: Ball 1-0: Swinging Strike 1-1: Called Strike 1-2: Foul Ball, location: 2F 1-2: Fly out, F9 (Flyball, 9, EV 93.8 MPH)
|
Batting: RHB Danny Jasso
|
0-0: Swinging Strike 0-1: Ground out 3-1 (Groundball, 34D, EV 87.5 MPH)
|
Bottom of the 2nd over - 0 runs, 0 hits, 0 errors, 0 left on base; Denver 0 - Oklahoma City 1 |
TOP OF THE 3RD |
Denver Bears batting - Pitching for Oklahoma City 89ers : RHP Mike Mendoza
|
Batting: RHB Raymond Borucki
|
0-0: Ball 1-0: Ground out 4-3 (Groundball, 34, EV 84.4 MPH)
|
Batting: RHB Gomez Barahona
|
0-0: Ball 1-0: Called Strike 1-1: Foul Ball, location: 2F 1-2: Strikes out swinging
|
Batting: LHB Dallas Williams
|
0-0: Ball 1-0: Called Strike 1-1: Foul Ball, location: 2F 1-2: Foul Ball, location: 2F 1-2: Strikes out swinging
|
Top of the 3rd over - 0 runs, 0 hits, 0 errors, 0 left on base; Denver 0 - Oklahoma City 1 |
BOTTOM OF THE 3RD |
Oklahoma City 89ers batting - Pitching for Denver Bears : RHP Alex Vasquez
|
Batting: RHB Robert Bailey
|
0-0: Called Strike 0-1: Ball 1-1: SINGLE (Groundball, 6MD, EV 95.0 MPH)
|
Batting: RHB David Green
|
0-0: Foul Ball, location: 2F 0-1: Called Strike 0-2: Foul Ball, location: 2F 0-2: Ball 1-2: Strikes out looking
|
Batting: RHB John Christensen
|
0-0: Ball 1-0: Called Strike 1-1: Fly out, F8 (Flyball, 8LD, EV 85.0 MPH)
|
Batting: RHB Cecil Fielder
|
0-0: Ball 1-0: Foul Ball, location: 2F 1-1: Foul Ball, location: 2F 1-2: Ball 2-2: Ball 3-2: Strikes out looking
|
Bottom of the 3rd over - 0 runs, 1 hit, 0 errors, 1 left on base; Denver 0 - Oklahoma City 1 |
TOP OF THE 4TH |
Denver Bears batting - Pitching for Oklahoma City 89ers : RHP Mike Mendoza
|
Batting: RHB Adolfo Feliz
|
0-0: Ground out 6-3 (Groundball, 6M, EV 90.6 MPH)
|
Batting: LHB Danny Heep
|
0-0: Ball 1-0: Foul Ball, location: 2F 1-1: Foul Ball, location: 2F 1-2: Ground out 4-3 (Groundball, 4, EV 90.0 MPH)
|
Batting: RHB George A Bell
|
0-0: Called Strike 0-1: Ball 1-1: Called Strike 1-2: Ball 2-2: Ball 3-2: Strikes out swinging
|
Top of the 4th over - 0 runs, 0 hits, 0 errors, 0 left on base; Denver 0 - Oklahoma City 1 |
BOTTOM OF THE 4TH |
Oklahoma City 89ers batting - Pitching for Denver Bears : RHP Alex Vasquez
|
Batting: RHB Glenn Braggs
|
0-0: Foul Ball, location: 2F 0-1: Ground out 5-3 (Groundball, 5, EV 84.4 MPH)
|
Batting: RHB Nick Esasky
|
0-0: Ball 1-0: Foul Ball, location: 2F 1-1: Ball 2-1: Ground out 1-3 (Groundball, 13S, EV 68.1 MPH)
|
Batting: LHB John Harris
|
0-0: Ball 1-0: Ball 2-0: Called Strike 2-1: Ball 3-1: Swinging Strike 3-2: Ground out 4-3 (Groundball, 4, EV 84.4 MPH)
|
Bottom of the 4th over - 0 runs, 0 hits, 0 errors, 0 left on base; Denver 0 - Oklahoma City 1 |
TOP OF THE 5TH |
Denver Bears batting - Pitching for Oklahoma City 89ers : RHP Mike Mendoza
|
Batting: LHB Tom Beyers
|
0-0: Ball 1-0: Swinging Strike 1-1: Swinging Strike 1-2: Ball 2-2: Ball 3-2: Strikes out swinging
|
Batting: RHB Juan Alvarez
|
0-0: Called Strike 0-1: Ball 1-1: Swinging Strike 1-2: SINGLE (Groundball, 4MD, EV 101.9 MPH)
|
Batting: LHB Larry Donofrio
|
0-0: Fly out, F9 (Flyball, 9, EV 84.4 MPH)
|
Batting: RHB Raymond Borucki
|
0-0: Called Strike 0-1: Ball 1-1: Swinging Strike 1-2: Fly out, F1 (Line Drive, P, EV 64.4 MPH)
|
Top of the 5th over - 0 runs, 1 hit, 0 errors, 1 left on base; Denver 0 - Oklahoma City 1 |
BOTTOM OF THE 5TH |
Oklahoma City 89ers batting - Pitching for Denver Bears : RHP Alex Vasquez
|
Batting: RHB Joe Redfield
|
0-0: Ball 1-0: Reached on error, E6 (Groundball, 6, EV 105.6 MPH)
|
Batting: RHB Danny Jasso
|
0-0: Ball 1-0: Ball 2-0: Bunt missed! 2-1: Ball 3-1: Bunted foul 3-2: Ground out 6-3 (Groundball, 6, EV 82.5 MPH)
|
Batting: RHB Robert Bailey
|
0-0: Foul Ball, location: 2F 0-1: Swinging Strike 0-2: Ball 1-2: Ball 2-2: Foul Ball, location: 2F 2-2: Ball 3-2: Foul Ball, location: 2F 3-2: Ground out 4-3 (Groundball, 4, EV 105.6 MPH) Joe Redfield to third
|
Batting: RHB David Green
|
0-0: Swinging Strike 0-1: Swinging Strike 0-2: Ball 1-2: Ball 2-2: Ball 3-2: Strikes out swinging
|
Bottom of the 5th over - 0 runs, 0 hits, 1 error, 1 left on base; Denver 0 - Oklahoma City 1 |
TOP OF THE 6TH |
Denver Bears batting - Pitching for Oklahoma City 89ers : RHP Mike Mendoza
|
Batting: RHB Gomez Barahona
|
0-0: Swinging Strike 0-1: Swinging Strike 0-2: Ball 1-2: Strikes out swinging
|
Batting: LHB Dallas Williams
|
0-0: Fly out, F9 (Line Drive, 9, EV 89.4 MPH)
|
Batting: RHB Adolfo Feliz
|
0-0: Foul Ball, location: 2F 0-1: Foul Ball, location: 2F 0-2: Ball 1-2: Foul Ball, location: 2F 1-2: Ball 2-2: Foul Ball, location: 2F 2-2: Ground out 4-3 (Groundball, 4, EV 89.4 MPH)
|
Top of the 6th over - 0 runs, 0 hits, 0 errors, 0 left on base; Denver 0 - Oklahoma City 1 |
BOTTOM OF THE 6TH |
Oklahoma City 89ers batting - Pitching for Denver Bears : RHP Alex Vasquez
|
Batting: RHB John Christensen
|
0-0: Ball 1-0: Ball 2-0: Ball 3-0: Called Strike 3-1: Base on Balls
|
Batting: RHB Cecil Fielder
|
0-0: Foul Ball, location: 2F 0-1: Ball 1-1: Ball 2-1: Fly out, F7 (Flyball, 7S, EV 96.3 MPH)
|
Batting: RHB Glenn Braggs
|
0-0: Ball 1-0: Called Strike 1-1: Swinging Strike 1-2: Ball 2-2: Ball 3-2: SINGLE (Flyball, 8LS, EV 93.8 MPH) John Christensen to second Runner from 2nd tries for 3rd, SAFE, no throw by CF
|
Batting: RHB Nick Esasky
|
0-0: SINGLE (Groundball, 6MD, EV 100.0 MPH) John Christensen scores Glenn Braggs to second
|
Batting: LHB John Harris
|
0-0: Foul Ball, location: 2F 0-1: Foul Ball, location: 2F 0-2: Strikes out swinging
|
Batting: RHB Joe Redfield
|
0-0: Ball 1-0: Foul Ball, location: 2F 1-1: Ball 2-1: Ball 3-1: Foul Ball, location: 2F 3-2: Strikes out swinging
|
Bottom of the 6th over - 1 run, 2 hits, 0 errors, 2 left on base; Denver 0 - Oklahoma City 2 |
TOP OF THE 7TH |
Denver Bears batting - Pitching for Oklahoma City 89ers : RHP Mike Mendoza
|
Batting: LHB Danny Heep
|
0-0: Ball 1-0: Ball 2-0: Swinging Strike 2-1: Fly out, F7 (Flyball, 78M, EV 91.3 MPH)
|
Batting: RHB George A Bell
|
0-0: Fly out, F9 (Flyball, 9LD, EV 95.6 MPH)
|
Batting: LHB Tom Beyers
|
0-0: Called Strike 0-1: Swinging Strike 0-2: Ball 1-2: Strikes out swinging
|
Top of the 7th over - 0 runs, 0 hits, 0 errors, 0 left on base; Denver 0 - Oklahoma City 2 |
BOTTOM OF THE 7TH |
Oklahoma City 89ers batting - Pitching for Denver Bears : RHP Alex Vasquez
|
Batting: RHB Danny Jasso
|
0-0: Foul Ball, location: 2F 0-1: Ball 1-1: Ball 2-1: Ball 3-1: Called Strike 3-2: Fly out, F7 (Line Drive, 7D, EV 98.1 MPH)
|
Batting: RHB Robert Bailey
|
0-0: Ground out 6-3 (Groundball, 6, EV 87.5 MPH)
|
Batting: RHB David Green
|
0-0: Foul Ball, location: 2F 0-1: Ground out U3 (Groundball, 34, EV 106.3 MPH)
|
Bottom of the 7th over - 0 runs, 0 hits, 0 errors, 0 left on base; Denver 0 - Oklahoma City 2 |
TOP OF THE 8TH |
Denver Bears batting - Pitching for Oklahoma City 89ers : RHP Mike Mendoza
|
Batting: RHB Juan Alvarez
|
0-0: Called Strike 0-1: Foul Ball, location: 2F 0-2: Ball 1-2: Ball 2-2: Foul Ball, location: 2F 2-2: Ball 3-2: Fly out, F4 (Popup, 4, EV 80.6 MPH)
|
Batting: LHB Larry Donofrio
|
0-0: Ball 1-0: Called Strike 1-1: Swinging Strike 1-2: Strikes out swinging
|
Batting: RHB Raymond Borucki
|
0-0: Ball 1-0: Swinging Strike 1-1: Ball 2-1: Swinging Strike 2-2: Ground out U3 (Groundball, 3, EV 85.0 MPH)
|
Top of the 8th over - 0 runs, 0 hits, 0 errors, 0 left on base; Denver 0 - Oklahoma City 2 |
BOTTOM OF THE 8TH |
Oklahoma City 89ers batting - Pitching for Denver Bears : RHP Alex Vasquez
|
Batting: RHB John Christensen
|
0-0: Called Strike 0-1: Ball 1-1: Ball 2-1: Foul Ball, location: 2F 2-2: DOUBLE (Line Drive, 7LS, EV 90.0 MPH)
|
Batting: RHB Cecil Fielder
|
0-0: SINGLE (Flyball, 89S, EV 88.8 MPH) John Christensen to third
|
Batting: RHB Glenn Braggs
|
0-0: Called Strike 0-1: Ball 1-1: Called Strike 1-2: Strikes out swinging
|
Batting: RHB Nick Esasky
|
0-0: Called Strike 0-1: Ball 1-1: Foul Ball, location: 2F 1-2: Foul Ball, location: 2F 1-2: Ball 2-2: Ball 3-2: Ground out 5-3 (Groundball, 5S, EV 64.4 MPH) Cecil Fielder to second
|
Pitching: LHP Jesse Orosco
|
|
Batting: LHB John Harris
|
0-0: Ball 1-0: Foul Ball, location: 2F 1-1: Foul Ball, location: 2F 1-2: Ball 2-2: Strikes out swinging
|
Bottom of the 8th over - 0 runs, 2 hits, 0 errors, 2 left on base; Denver 0 - Oklahoma City 2 |
TOP OF THE 9TH |
Denver Bears batting - Pitching for Oklahoma City 89ers : RHP Mike Mendoza
|
Now in CF: Ron Tingley
|
|
Batting: RHB Gomez Barahona
|
0-0: Ball 1-0: Foul Ball, location: 2F 1-1: DOUBLE (Line Drive, 89D, EV 106.9 MPH)
|
Batting: LHB Dallas Williams
|
0-0: Ground out 6-3 (Groundball, 6, EV 87.5 MPH) Gomez Barahona to third
|
Batting: RHB Adolfo Feliz
|
0-0: Ball 1-0: Ball 2-0: Ball 3-0: Base on Balls
|
Batting: LHB Danny Heep
|
0-0: Called Strike 0-1: Swinging Strike 0-2: Ball 1-2: Fly out, F8 (Flyball, 8LD, EV 90.6 MPH)
|
Batting: RHB George A Bell
|
0-0: Called Strike 0-1: DOUBLE (Line Drive, 78D, EV 105.6 MPH) Gomez Barahona scores Adolfo Feliz to third Runner from 3rd tries for Home, SAFE, no throw by CF
|
Batting: LHB Tom Beyers
|
0-0: Intentional Walk
|
Pitching: RHP Ernie Camacho
|
|
Pinch Hitting: LHB Terry Francona
|
0-0: Ball 1-0: Called Strike 1-1: Ground out 4-3 (Groundball, 34D, EV 108.8 MPH)
|
Top of the 9th over - 2 runs, 2 hits, 0 errors, 2 left on base; Denver 2 - Oklahoma City 2 |
BOTTOM OF THE 9TH |
Oklahoma City 89ers batting - Pitching for Denver Bears : LHP Jesse Orosco
|
Now at 1B: Terry Francona
|
|
Batting: RHB Joe Redfield
|
0-0: Called Strike 0-1: Foul Ball, location: 2F 0-2: Ball 1-2: Ball 2-2: Foul Ball, location: 2F 2-2: Ball 3-2: Base on Balls
|
Batting: RHB Danny Jasso
|
0-0: Ball 1-0: Bunted foul 1-1: Ball 2-1: Bunt missed! 2-2: Ball 3-2: Ground out 5-3 (Groundball, 56S, EV 69.4 MPH) Joe Redfield to second
|
Batting: RHB Robert Bailey
|
0-0: Ball 1-0: Foul Ball, location: 2F 1-1: Foul Ball, location: 2F 1-2: Foul Ball, location: 2F 1-2: Ball 2-2: Ground out 6-3 (Groundball, 6, EV 110.0 MPH)
|
Batting: RHB David Green
|
0-0: Called Strike 0-1: Ball 1-1: Ball 2-1: Foul Ball, location: 2F 2-2: Strikes out swinging
|
Bottom of the 9th over - 0 runs, 0 hits, 0 errors, 1 left on base; Denver 2 - Oklahoma City 2 |
TOP OF THE 10TH |
Denver Bears batting - Pitching for Oklahoma City 89ers : RHP Ernie Camacho
|
Batting: LHB Larry Donofrio
|
0-0: Foul Ball, location: 2F 0-1: Foul Ball, location: 2F 0-2: Strikes out swinging
|
Batting: RHB Raymond Borucki
|
0-0: Ball 1-0: Ball 2-0: Called Strike 2-1: Ground out 6-3 (Groundball, 6, EV 108.8 MPH)
|
Batting: RHB Gomez Barahona
|
0-0: Foul Ball, location: 2F 0-1: Ball 1-1: Ground out 6-3 (Groundball, 6M, EV 86.3 MPH)
|
Top of the 10th over - 0 runs, 0 hits, 0 errors, 0 left on base; Denver 2 - Oklahoma City 2 |
BOTTOM OF THE 10TH |
Oklahoma City 89ers batting - Pitching for Denver Bears : LHP Jesse Orosco
|
Pitching: LHP Jake Zorbas
|
|
Batting: RHB John Christensen
|
0-0: Ground out 1-3 (Groundball, 15S, EV 69.4 MPH)
|
Pinch Hitting: RHB Richard Howard
|
0-0: Foul Ball, location: 2F 0-1: Foul Ball, location: 2F 0-2: Ground out 6-3 (Groundball, 6, EV 80.6 MPH)
|
Batting: RHB Glenn Braggs
|
0-0: Foul Ball, location: 2F 0-1: Ball 1-1: SOLO HOME RUN (Flyball, 7D, EV 98.1 MPH), Distance : 372 ft
|
Bottom of the 10th over - 1 run, 1 hit, 0 errors, 0 left on base; Denver 2 - Oklahoma City 3 |
|